cohdb
Replays
Latest Replays
All Replays
Popular Replays
Top Player Replays
Match Explorer
How It Works
Community
CoH3 Stats
Reddit
Sign in to upload your games and track your stats! →
Sign in with Steam
Match 45275279
Unlisted
Match 45275279
Overview
Messages
Build Orders
End
Kradschützen Motorcycle Team
Panzerpioneer Squad
Selects Armored Support Battlegroup
Panzergrenadier Squad
Panzergrenadier Squad
Panzergrenadier Squad
Construct Light Support Kompanie
Fire Support Elements
Assault Mechanized Group
Flakvierling Half-track
Selects Veteran Gunners
Vehicle Survival Package
Construct Mechanized Kompanie
StuG III D Assault Gun
Selects Flammpanzer III Medium Tank
Kradschützen Motorcycle Team
Emergency Repair Kits
Selects Command Panzer IV F Medium Tank
Command Panzer IV F Medium Tank
8 Rad Armored Car
Construct Panzerarmee Kommand
(502) Bad Gateway
Fizzysaucers
0
0
Comments
sign in to comment!
No comments posted yet!